 Dungeon Crawl Stone Soup version 0.30-a0-222-ge547ba4400 (webtiles) character file.

Game seed: 7494988334773584215

11923 qw the Cleaver (level 11, -27/71 HPs)
             Began as a Gargoyle Fighter on Oct 8, 2022.
             Was a High Priest of Okawaru.
             Killed from afar by a blizzard demon (58 damage)
             ... with a bolt of cold
             ... in a Gauntlet.
             The game lasted 00:05:12 (11374 turns).

qw the Cleaver (Gargoyle Fighter)                  Turns: 11374, Time: 00:05:12

Health: -27/71     AC: 31    Str: 25    XL:     11   Next: 85%
Magic:  15/17      EV:  9    Int:  6    God:    Okawaru [*****.]
Gold:   190        SH: 11    Dex:  8    Spells: 10/10 levels left

rFire   + + .      SeeInvis +    Y - +0 war axe
rCold   x x x      Faith    .    c - +0 buckler
rNeg    + . .      Spirit   .    u - +0 plate armour
rPois   inf        Reflect  +    h - +1 helmet
rElec   +          Harm     .    (no cloak)
rCorr   +          Rampage  .    x - +0 pair of gloves
Will    .....      NoTele   +    f - +2 pair of boots of Delightful Miracles {rC- rCorr Dex+3 SInv Stlth+}
Stlth   ..........               a - amulet of reflection
HPRegen 0.31/turn                n - ring of fire
MPRegen 0.15/turn                v - ring of fire

@: heroic
A: sickness immunity, AC +8, negative energy resistance 1, electricity
resistance, torment resistance 1, petrification resistance, clumsy 2, dopey 1
a: Renounce Religion, Heroism, Finesse, Duel


You were in a Gauntlet.
You worshipped Okawaru.
Okawaru was extremely pleased with you.
You visited 2 branches of the dungeon, and saw 11 of its levels.
You also visited: Sewer and Gauntlet.

You collected 1584 gold pieces.
You spent 1394 gold pieces at shops.


Innate Abilities, Weirdness & Mutations

You are immune to sickness and miasma.
Your stone body is resilient. (AC +8)
You are immune to poison.
You resist negative energy. (rN+)
You are resistant to electric shocks. (rElec)
You are resistant to unholy torment.
You are immune to petrification.
You are very clumsy. (Dex -4)
You are dopey. (Int -2)


   Skills:
 - Level 9.0(14.0) Fighting
 - Level 11.3(16.3) Axes
 - Level 3.1(8.1) Throwing
 + Level 7.9(12.9) Armour
 - Level 1.0(6.0) Dodging
 - Level 5.0(10.0) Shields
 + Level 9.2 Invocations


You had 10 spell levels left.
You didn't know any spells.
Your spell library was empty.

Inventory:

Hand Weapons
 e - a +0 morningstar
 Y - a +0 war axe (weapon)
Missiles
 g - 5 javelins
 k - 4 boomerangs
 p - a silver boomerang (quivered)
Armour
 c - a +0 buckler (worn)
 f - the +2 pair of boots of Delightful Miracles (worn) {rC- rCorr Dex+3 SInv Stlth+}
   (Okawaru gifted it to you in a Gauntlet)

   Dex:       It affects your dexterity (+3).
   rC:        It makes you vulnerable to cold.
   SInv:      It lets you see invisible.
   rCorr:     It protects you from acid and corrosion.
   Stlth:     It makes you more stealthy.
 h - a +1 helmet (worn)
 u - a +0 plate armour (worn)
 x - a +0 pair of gloves (worn)
Jewellery
 a - an amulet of reflection (around neck)
 m - a ring of ice
 n - a ring of fire (left hand)
 v - a ring of fire (right hand)
Scrolls
 b - 2 scrolls of teleportation
 r - 5 scrolls of identify
Potions
 d - 4 potions of might
 i - a potion of cancellation
 j - a potion of heal wounds
 l - 3 potions of lignification
 o - 4 potions of attraction
 q - 3 potions of haste
 s - 2 potions of mutation
 t - 2 potions of magic
 w - a potion of resistance

Dungeon Overview and Level Annotations

Branches:
Dungeon (9/15)             Temple (0/1) D:5            Lair (2/5) D:8
    Orc (0/2) D:9           Sewer (visited)         Gauntlet (1/1)
  Swamp: Lair:2-3    Shoals: Lair:2-3     Snake: Lair:2-3    Spider: Lair:2-3

Altars:
Kikubaaqudgha
Okawaru
Qazlal
Ru
Trog
Xom

Shops:
D:6 (*!   D:8 *=

Annotations:
D:6 2 transporters, qw's ghost, novice GrFi Gauntlet 13 transporters


Message History

Partly explored, unvisited transporter.
Partly explored, unvisited transporter.
11352 ||| UPGRADING to +2 pair of boots of Delightful Miracles {rC- rCorr Dex+3 SInv Stlth+}.
You start putting on your armour.
You continue putting on the +2 pair of boots of Delightful Miracles {rC- rCorr Dex+3 SInv Stlth+}. x4
You finish putting on the +2 pair of boots of Delightful Miracles {rC- rCorr Dex+3 SInv Stlth+}.
You feel agile.
Partly explored, unvisited transporter.
11357 ||| UPGRADING to ring of fire.
You feel more attuned to fire.
n - a ring of fire (left hand) Partly explored, unvisited transporter.
11358 ||| UPGRADING to ring of fire.
You feel more attuned to fire.
v - a ring of fire (right hand) Partly explored, unvisited transporter.
There is a transporter here.
Partly explored, unvisited transporter.
You enter the transporter and appear at another place.
Partly explored, unvisited transporter.
There is a transporter here.
Partly explored, unvisited transporter.
You enter the transporter and appear at another place.
You closely miss the blizzard demon. The blizzard demon gestures at you.
The bolt of lightning hits you! You resist.
You closely miss the blizzard demon. The blizzard demon gestures at you.
The freezing blast misses you.
You closely miss the blizzard demon. You hit the ice devil but do no damage.
You are engulfed in freezing vapours.
The blizzard demon is engulfed in freezing vapours.
The blizzard demon gestures at you. The bolt of lightning hits you. You resist.
The ice devil hits you. The ice devil freezes you!
You feel a terrible chill!
11374 ||| INVOKING Heroism.
You gain the combat prowess of a mighty hero.
You are engulfed in freezing vapours.
The blizzard demon gestures at you. The bolt of cold hits you!!!
You feel a terrible chill!
Ouch! That really hurt!
You die...

.................................
.................................
##########.###########.##########
x3:!^.#.##.#4.=.^!)..#.#x.:!^[...
*3##.#[###.#2.##.##..#.#*#.....#.
#.####..##.#.##...##.#.#..#####..
....###..#.#.#.....#.#.#..##.##..
####.#.###.#...000...#.#....^....
#^..#..#.#.#.#00@0.#.#.#..##.##..
#.#..##.##.#.##024##.#.#..#####..
##x.#.##x#.#..##.##..#.#.#.....#.
..#3##3*##.#.........#.#.........
#################################
~~~#^...........^...........^#...
################.#############...
........^#~~8~~#.#..............#
################.#..............#


You could see a blizzard demon and an ice devil.

Vanquished Creatures
  A fire crab (Gauntlet)
  A shining eye (Gauntlet)
  5 elephants (Lair:1)
  3 cane toads
  Maggie (Lair:1)
  A komodo dragon (D:7)
  A rime drake (Lair:1)
  A troll (D:9)
  3 fire bats (Gauntlet)
  3 basilisks (Lair:1)
  3 yaks (Lair:1)
  3 wyverns
  A wraith (D:8)
  2 golden eyes (Gauntlet)
  10 water moccasins
  5 orc warriors
  3 black bears
  3 ice beasts
  2 centaurs
  A wolf (Lair:1)
  2 ogres (D:9)
  A phantom (D:5)
  3 kobold brigands
  2 gnoll sergeants
  5 bullfrogs
  2 necrophages
  4 scorpions
  3 wights (D:7)
  16 killer bees (D:9)
  An electric eel (Lair:1)
  6 howler monkeys
  5 hounds
  A jelly (D:7)
  A gnoll bouda (D:8)
  An orc priest (D:4)
  3 iguanas
  An orc wizard (D:4)
  Ijyb (D:3)
  4 river rats (Sewer)
  9 adders
  16 gnolls
  2 shadow imps (D:6)
  3 worms
  5 dart slugs
  19 orcs
  3 endoplasms
  8 giant cockroaches
  13 hobgoblins
  8 jackals
  4 quokkas
  12 ball pythons
  7 bats
  9 frilled lizards
  14 goblins
  16 kobolds
  14 rats
277 creatures vanquished.

Vanquished Creatures (others)
  13 demonic plants
  35 fungi
  125 plants
173 creatures vanquished.

Grand Total: 450 creatures vanquished

Notes
Turn   | Place    | Note
-------+----------+-------------------------------------------
     0 | D:1      | qw the Gargoyle Fighter began the quest for the Orb.
     0 | D:1      | Reached XP level 1. HP: 14/14 MP: 1/1
     0 | D:1      | 0 ||| qw: Version: 0.2-a-17-gfa9de96
     0 | D:1      | 0 ||| qw: Game counter: 1994
     0 | D:1      | 0 ||| qw: Always use a shield: true
     0 | D:1      | 0 ||| qw: God list: Okawaru
     0 | D:1      | 0 ||| qw: Allow faded altars: false
     0 | D:1      | 0 ||| qw: Do Orc after D:15 true
     0 | D:1      | 0 ||| qw: Do second Lair branch before Depths: true
     0 | D:1      | 0 ||| qw: Lair rune preference: random
     0 | D:1      | 0 ||| qw: Plans: Normal, Zot:1-4, God:TSO, Crypt, Tomb,
                  | Pan, Slime:5, Hells, Abyss, Orb
     0 | D:1      | 0 ||| PLANNING D:1-11
    73 | D:1      | Reached skill level 2 in Axes
   123 | D:1      | 123 ||| Stepping ~*~*~tactically~*~*~ (hiding).
   131 | D:1      | Reached XP level 2. HP: 19/19 MP: 2/2
   169 | D:1      | Found a faded altar of an unknown god.
   234 | D:1      | Reached skill level 3 in Axes
   369 | D:1      | 369 ||| Stepping ~*~*~tactically~*~*~ (stealth).
   375 | D:1      | Reached XP level 3. HP: 23/23 MP: 3/3
   378 | D:1      | 378 ||| Stepping ~*~*~tactically~*~*~ (hiding).
   522 | D:1      | 522 ||| Stepping ~*~*~tactically~*~*~ (hiding).
   524 | D:1      | 524 ||| Stepping ~*~*~tactically~*~*~ (hiding).
   782 | D:1      | 782 ||| UPGRADING to +0 helmet.
   787 | D:1      | 787 ||| READING scroll labelled IPROZI XEQOC.
   847 | D:2      | 847 ||| STAIRDANCE
   858 | D:2      | 858 ||| STAIRDANCE
   867 | D:2      | 867 ||| STAIRDANCE
   933 | D:2      | 933 ||| Stepping ~*~*~tactically~*~*~ (stealth).
  1029 | D:2      | 1029 ||| Stepping ~*~*~tactically~*~*~ (hiding).
  1030 | D:2      | 1030 ||| Stepping ~*~*~tactically~*~*~ (hiding).
  1139 | D:2      | 1139 ||| Stepping ~*~*~tactically~*~*~ (stealth).
  1144 | D:2      | Reached XP level 4. HP: 28/28 MP: 4/4
  1318 | D:2      | Reached skill level 1 in Throwing
  1493 | D:2      | Reached skill level 4 in Axes
  1633 | D:2      | 1633 ||| UPGRADING to amulet of reflection.
  1638 | D:2      | 1638 ||| READING scroll labelled ROYT NYMUIT.
  1639 | D:2      | 1639 ||| READING scroll labelled HUTYOHANA.
  1899 | D:3      | Noticed Ijyb
  1900 | D:3      | 1900 ||| Stepping ~*~*~tactically~*~*~ (hiding).
  1912 | D:3      | Killed Ijyb
  1913 | D:3      | Reached XP level 5. HP: 24/32 MP: 5/5
  2096 | D:3      | 2096 ||| Stepping ~*~*~tactically~*~*~ (stealth).
  2602 | D:3      | 2602 ||| DROPPING scarf of invisibility.
  2603 | D:3      | 2603 ||| READING 2 scrolls labelled XOWEFA ANTUDUG.
  2604 | D:3      | 2604 ||| READING scroll labelled VIDU DOCEE.
  2604 | D:3      | Identified a scroll of acquirement
  2604 | D:3      | 2604 ||| ACQUIRING 1100 gold pieces
  2604 | D:3      | Acquired 1100 gold pieces
  2606 | D:3      | 2606 ||| READING scroll labelled GOIT KOUTZO.
  2611 | D:3      | 2611 ||| DRINKING 2 amethyst potions.
  2612 | D:3      | 2612 ||| DRINKING 3 murky emerald potions.
  2613 | D:3      | 2613 ||| DRINKING 2 orange potions.
  2614 | D:3      | 2614 ||| DROPPING scroll of immolation.
  2615 | D:3      | 2615 ||| DROPPING 2 potions of degeneration.
  2616 | D:3      | 2616 ||| DROPPING potion of magic.
  2639 | D:4      | 2639 ||| PLANNING SEWER
  2648 | D:4      | Found a bloodstained altar of Trog.
  2695 | D:4      | 2695 ||| Stepping ~*~*~tactically~*~*~ (stealth).
  2698 | D:4      | 2698 ||| Stepping ~*~*~tactically~*~*~ (stealth).
  2716 | D:4      | Reached skill level 5 in Axes
  2761 | D:4      | Reached XP level 6. HP: 36/38 MP: 6/6
  2816 | D:4      | Found a glowing drain.
  2818 | D:4      | 2818 ||| READING scroll labelled ELYTAC OTYMN.
  2819 | D:4      | 2819 ||| DRINKING 2 brown potions.
  2823 | D:4      | 2823 ||| Stepping randomly (stuck).
  2824 | D:4      | 2824 ||| Stepping randomly (stuck).
  2825 | D:4      | 2825 ||| Stepping randomly (stuck).
  2830 | D:4      | 2830 ||| FLEEEEING.
  2831 | D:4      | 2831 ||| FLEEEEING.
  2845 | D:4      | 2845 ||| FLEEEEING.
  2846 | D:4      | 2846 ||| FLEEEEING.
  2859 | D:4      | 2859 ||| FLEEEEING.
  2860 | D:4      | 2860 ||| FLEEEEING.
  2863 | D:4      | 2863 ||| FLEEEEING.
  2864 | D:4      | 2864 ||| FLEEEEING.
  2865 | D:4      | 2865 ||| FLEEEEING.
  2866 | D:4      | 2866 ||| STAIRDANCE
  2870 | D:4      | 2870 ||| STAIRDANCE
  2874 | D:4      | 2874 ||| STAIRDANCE
  2883 | D:4      | 2883 ||| STAIRDANCE
  2909 | Sewer    | Entered a sewer
  2984 | Sewer    | Reached skill level 1 in Dodging
  3230 | Sewer    | 3230 ||| READING scroll labelled YSHA WUVYSAF.
  3231 | Sewer    | 3231 ||| READING scroll labelled EHUYLE NAPPOIW.
  3232 | Sewer    | 3232 ||| DRINKING 2 sedimented ruby potions.
  3233 | Sewer    | 3233 ||| DRINKING 2 coppery potions.
  3255 | Sewer    | 3255 ||| READING 3 scrolls of identify.
  3255 | Sewer    | 3255 ||| IDENTIFYING red potion
  3256 | Sewer    | 3256 ||| READING 2 scrolls of identify.
  3256 | Sewer    | 3256 ||| IDENTIFYING inky potion
  3257 | Sewer    | 3257 ||| DROPPING potion of brilliance.
  3303 | D:4      | 3303 ||| PLANNING D:1-11
  3340 | D:4      | 3340 ||| Stepping ~*~*~tactically~*~*~ (stealth).
  3345 | D:4      | 3345 ||| Stepping ~*~*~tactically~*~*~ (stealth).
  3349 | D:4      | 3349 ||| Stepping ~*~*~tactically~*~*~ (stealth).
  3357 | D:4      | 3357 ||| Stepping ~*~*~tactically~*~*~ (stealth).
  3360 | D:4      | 3360 ||| Stepping ~*~*~tactically~*~*~ (stealth).
  3369 | D:4      | 3369 ||| Stepping ~*~*~tactically~*~*~ (hiding).
  3385 | D:4      | 3385 ||| Stepping ~*~*~tactically~*~*~ (hiding).
  3399 | D:4      | Reached XP level 7. HP: 43/43 MP: 7/7
  3402 | D:4      | 3402 ||| Stepping ~*~*~tactically~*~*~ (stealth).
  3425 | D:4      | Reached skill level 6 in Axes
  3549 | D:4      | 3549 ||| DROPPING +0 whip.
  3552 | D:4      | 3552 ||| DROPPING +0 flail.
  3582 | D:4      | 3582 ||| Stepping ~*~*~tactically~*~*~ (hiding).
  3584 | D:4      | 3584 ||| Stepping ~*~*~tactically~*~*~ (hiding).
  3668 | D:4      | Found an iron altar of Okawaru.
  3669 | D:4      | 3669 ||| PLANNING OKAWARU WORSHIP
  3669 | D:4      | 3669 ||| READING scroll labelled DUUXZE ATRIMOM.
  3677 | D:4      | Became a worshipper of Warmaster Okawaru
  3678 | D:4      | 3678 ||| PLANNING D:1-11
  3949 | D:5      | Entered Level 5 of the Dungeon
  3954 | D:5      | 3954 ||| STAIRDANCE
  4008 | D:5      | 4008 ||| Stepping ~*~*~tactically~*~*~ (stealth).
  4045 | D:5      | 4045 ||| Stepping ~*~*~tactically~*~*~ (stealth).
  4052 | D:5      | 4052 ||| Stepping ~*~*~tactically~*~*~ (stealth).
  4053 | D:5      | 4053 ||| Stepping ~*~*~tactically~*~*~ (stealth).
  4061 | D:5      | Reached skill level 7 in Axes
  4529 | D:5      | Found a staircase to the Ecumenical Temple.
  4707 | D:5      | 4707 ||| DROPPING amulet of the acrobat.
  4708 | D:5      | 4708 ||| READING 2 scrolls labelled CURCHO JA CIP.
  4709 | D:5      | 4709 ||| READING scroll of enchant armour.
  4709 | D:5      | 4709 ||| ENCHANTING +0 helmet.
  4712 | D:6      | Found Hule's Assorted Antiques.
  4716 | D:6      | 4716 ||| BUYING scratched golden ring (170 gold).
  4716 | D:6      | Bought a scratched golden ring for 170 gold pieces
  4716 | D:6      | 4716 ||| BUYING scroll of identify (68 gold).
  4716 | D:6      | Bought a scroll of identify for 68 gold pieces
  4716 | D:6      | 4716 ||| BUYING scroll of teleportation (102 gold).
  4716 | D:6      | Bought a scroll of teleportation for 102 gold pieces
  4716 | D:6      | 4716 ||| BUYING scroll of teleportation (102 gold).
  4716 | D:6      | Bought a scroll of teleportation for 102 gold pieces
  4737 | D:6      | 4737 ||| Stepping ~*~*~tactically~*~*~ (stealth).
  4754 | D:6      | Reached * piety under Okawaru
  4755 | D:6      | Reached XP level 8. HP: 41/49 MP: 8/8
  4791 | D:6      | Found Jex Esuink's Distillery.
  4798 | D:6      | 4798 ||| BUYING potion of curing (42 gold).
  4798 | D:6      | Bought a potion of curing for 42 gold pieces
  4798 | D:6      | 4798 ||| BUYING potion of curing (42 gold).
  4798 | D:6      | Bought a potion of curing for 42 gold pieces
  4798 | D:6      | 4798 ||| BUYING potion of haste (140 gold).
  4798 | D:6      | Bought a potion of haste for 140 gold pieces
  4798 | D:6      | 4798 ||| BUYING potion of haste (140 gold).
  4798 | D:6      | Bought a potion of haste for 140 gold pieces
  4798 | D:6      | 4798 ||| BUYING potion of heal wounds (70 gold).
  4798 | D:6      | Bought a potion of heal wounds for 70 gold pieces
  4798 | D:6      | 4798 ||| BUYING potion of might (56 gold).
  4798 | D:6      | Bought a potion of might for 56 gold pieces
  4798 | D:6      | 4798 ||| BUYING potion of mutation (112 gold).
  4798 | D:6      | Bought a potion of mutation for 112 gold pieces
  4933 | D:6      | Noticed qw's ghost (novice GrFi)
  5156 | D:6      | Found a transporter.
  5161 | D:6      | Found a transporter.
  5256 | D:6      | 5256 ||| INVOKING Heroism.
  5264 | D:6      | Reached skill level 1 in Invocations
  5369 | D:6      | 5369 ||| Stepping ~*~*~tactically~*~*~ (hiding).
  5532 | D:6      | Found Ixzepee's Weapon Emporium.
  5714 | D:6      | 5714 ||| INVOKING Heroism.
  5864 | D:6      | Reached skill level 3 in Invocations
  5947 | D:6      | 5947 ||| UPGRADING to +0 plate armour.
  5957 | D:6      | 5957 ||| DROPPING +0 scale mail.
  5958 | D:6      | 5958 ||| READING scroll labelled OTASOEN DIJA.
  5981 | D:7      | 5981 ||| Stepping ~*~*~tactically~*~*~ (stealth).
  5987 | D:7      | 5987 ||| INVOKING Heroism.
  6129 | D:7      | Reached ** piety under Okawaru
  6195 | D:7      | Reached skill level 8 in Axes
  6276 | D:7      | 6276 ||| INVOKING Heroism.
  6278 | D:7      | Reached XP level 9. HP: 54/54 MP: 9/12
  6499 | D:7      | 6499 ||| Stepping ~*~*~tactically~*~*~ (stealth).
  6501 | D:7      | 6501 ||| Stepping ~*~*~tactically~*~*~ (stealth).
  6504 | D:7      | 6504 ||| Stepping ~*~*~tactically~*~*~ (hiding).
  6505 | D:7      | 6505 ||| Stepping ~*~*~tactically~*~*~ (hiding).
  6510 | D:7      | Reached skill level 6 in Fighting
  6577 | D:7      | Found an ancient bone altar of Kikubaaqudgha.
  6626 | D:7      | 6626 ||| Stepping ~*~*~tactically~*~*~ (stealth).
  6630 | D:7      | 6630 ||| Stepping ~*~*~tactically~*~*~ (stealth).
  6661 | D:7      | Found a stormy altar of Qazlal.
  6682 | D:7      | Found a shimmering altar of Xom.
  6737 | D:7      | 6737 ||| READING 4 scrolls of identify.
  6737 | D:7      | 6737 ||| IDENTIFYING puce potion
  6738 | D:7      | 6738 ||| DROPPING potion of flight.
  6757 | D:8      | 6757 ||| INVOKING Heroism.
  6759 | D:8      | 6759 ||| STAIRDANCE
  6774 | D:8      | 6774 ||| STAIRDANCE
  6805 | D:8      | 6805 ||| STAIRDANCE
  6857 | D:8      | 6857 ||| STAIRDANCE
  6872 | D:8      | Noticed a komodo dragon
  6873 | D:8      | 6873 ||| STAIRDANCE
  6875 | D:7      | 6875 ||| INVOKING Heroism.
  6895 | D:8      | 6895 ||| STAIRDANCE
  6897 | D:7      | 6897 ||| INVOKING Heroism.
  6909 | D:7      | Killed a komodo dragon
  6909 | D:7      | Reached *** piety under Okawaru
  6910 | D:7      | Reached skill level 9 in Axes
  7047 | D:8      | 7047 ||| INVOKING Heroism.
  7049 | D:8      | Found a staircase to the Lair.
  7205 | D:8      | 7205 ||| INVOKING Heroism.
  7233 | D:8      | 7233 ||| INVOKING Heroism.
  7235 | D:8      | Reached XP level 10. HP: 40/63 MP: 10/13
  7349 | D:8      | Found Tyinesou's Jewellery Boutique.
  7362 | D:8      | Reached skill level 6 in Armour
  7513 | D:8      | Found a flagged portal.
  7515 | D:8      | 7515 ||| Stepping ~*~*~tactically~*~*~ (water).
  7537 | D:8      | 7537 ||| INVOKING Heroism.
  7538 | D:8      | 7538 ||| Stepping ~*~*~tactically~*~*~ (water).
  7539 | D:8      | 7539 ||| Stepping ~*~*~tactically~*~*~ (hiding).
  7540 | D:8      | 7540 ||| Stepping ~*~*~tactically~*~*~ (hiding).
  7545 | D:8      | 7545 ||| Stepping ~*~*~tactically~*~*~ (hiding).
  7673 | D:8      | Found Ihubbonath's Elemental Accessories.
  7905 | D:8      | Found a sacrificial altar of Ru.
  8039 | D:8      | 8039 ||| DROPPING ring of flight.
  8040 | D:8      | 8040 ||| READING 4 scrolls of identify.
  8040 | D:8      | 8040 ||| IDENTIFYING fizzy silvery potion
  8041 | D:8      | 8041 ||| DROPPING potion of invisibility.
  8181 | D:9      | Identified the +3 ring mail of the Jackalope {Rampage rC+
                  | rN+}
  8239 | D:9      | Found a staircase to the Orcish Mines.
  8240 | D:9      | 8240 ||| INVOKING Heroism.
  8250 | D:9      | Reached skill level 10 in Axes
  8252 | D:9      | HP: 15/63 [gnoll sergeant/+0 spear (1)]
  8253 | D:9      | 8253 ||| READING 2 scrolls of teleportation.
  8253 | D:9      | HP: 7/63 [gnoll sergeant/+0 spear (3)]
  8254 | D:9      | 8254 ||| DRINKING 3 potions of heal wounds.
  8260 | D:9      | 8260 ||| INVOKING Heroism.
  8266 | D:9      | HP: 14/63 [killer bee (5)]
  8267 | D:9      | 8267 ||| READING scroll of teleportation.
  8268 | D:9      | 8268 ||| DRINKING 2 potions of heal wounds.
  8397 | D:9      | 8397 ||| Stepping ~*~*~tactically~*~*~ (stealth).
  8399 | D:9      | 8399 ||| Stepping ~*~*~tactically~*~*~ (hiding).
  8445 | D:9      | 8445 ||| Stepping ~*~*~tactically~*~*~ (stealth).
  8450 | D:9      | 8450 ||| INVOKING Heroism.
  8467 | D:9      | 8467 ||| Stepping ~*~*~tactically~*~*~ (stealth).
  8474 | D:9      | Reached skill level 3 in Throwing
  8475 | D:9      | Reached **** piety under Okawaru
  8487 | D:9      | 8487 ||| Stepping ~*~*~tactically~*~*~ (stealth).
  8545 | D:9      | 8545 ||| Stepping ~*~*~tactically~*~*~ (stealth).
  8547 | D:9      | 8547 ||| INVOKING Heroism.
  8550 | D:9      | 8550 ||| Stepping ~*~*~tactically~*~*~ (stealth).
  8555 | D:9      | Received a gift from Okawaru
  8559 | D:9      | 8559 ||| Stepping ~*~*~tactically~*~*~ (stealth).
  8567 | D:9      | Identified the +1 robe of Untold Secrets {Will+}
  8584 | D:9      | 8584 ||| INVOKING Heroism.
  8612 | D:9      | 8612 ||| INVOKING Heroism.
  8634 | D:9      | 8634 ||| Stepping ~*~*~tactically~*~*~ (stealth).
  8673 | D:9      | 8673 ||| INVOKING Heroism.
  8696 | D:9      | 8696 ||| Stepping ~*~*~tactically~*~*~ (stealth).
  8697 | D:9      | 8697 ||| Stepping ~*~*~tactically~*~*~ (stealth).
  8709 | D:9      | 8709 ||| Stepping ~*~*~tactically~*~*~ (stealth).
  8746 | D:9      | 8746 ||| INVOKING Heroism.
  8853 | D:9      | 8853 ||| Stepping ~*~*~tactically~*~*~ (hiding).
  8884 | D:8      | 8884 ||| SHOPLISTING +4 ring of protection (504 gold, have
                  | 409).
  8884 | D:8      | 8884 ||| BUYING ring of fire (350 gold).
  8884 | D:8      | Bought a ring of fire for 350 gold pieces
  8884 | D:8      | 8884 ||| SHOPLISTING ring of ice (350 gold, have 59).
  8884 | D:8      | 8884 ||| SHOPLISTING ring of positive energy (280 gold,
                  | have 59).
  8884 | D:8      | 8884 ||| PLANNING LAIR
  8983 | Lair:1   | Entered Level 1 of the Lair of Beasts
  8991 | Lair:1   | 8991 ||| INVOKING Heroism.
  9017 | Lair:1   | 9017 ||| Stepping ~*~*~tactically~*~*~ (stealth).
  9031 | Lair:1   | Received a gift from Okawaru
  9075 | Lair:1   | 9075 ||| INVOKING Heroism.
  9095 | Lair:1   | Reached skill level 11 in Axes
  9099 | Lair:1   | 9099 ||| Stepping ~*~*~tactically~*~*~ (stealth).
  9100 | Lair:1   | 9100 ||| Stepping ~*~*~tactically~*~*~ (stealth).
  9147 | Lair:1   | Noticed Maggie
  9148 | Lair:1   | 9148 ||| Stepping ~*~*~tactically~*~*~ (hiding).
  9181 | Lair:1   | Killed Maggie
  9182 | Lair:1   | Reached skill level 6 in Invocations
  9182 | Lair:1   | Reached XP level 11. HP: 50/68 MP: 15/15
  9325 | Lair:1   | 9325 ||| INVOKING Heroism.
  9374 | Lair:1   | 9374 ||| INVOKING Heroism.
  9564 | Lair:1   | 9564 ||| Stepping ~*~*~tactically~*~*~ (stealth).
  9566 | Lair:1   | 9566 ||| Stepping ~*~*~tactically~*~*~ (hiding).
  9648 | Lair:1   | 9648 ||| INVOKING Heroism.
  9663 | Lair:1   | Received a gift from Okawaru
  9958 | Lair:1   | 9958 ||| Stepping ~*~*~tactically~*~*~ (hiding).
 10035 | Lair:1   | 10035 ||| Stepping ~*~*~tactically~*~*~ (stealth).
 10036 | Lair:1   | 10036 ||| Stepping ~*~*~tactically~*~*~ (stealth).
 10039 | Lair:1   | 10039 ||| INVOKING Heroism.
 10060 | Lair:1   | Reached skill level 9 in Fighting
 10285 | Lair:1   | 10285 ||| READING 5 scrolls of identify.
 10285 | Lair:1   | 10285 ||| IDENTIFYING lumpy clear potion
 10316 | Lair:2   | 10316 ||| PLANNING GAUNTLET
 10333 | Lair:2   | 10333 ||| INVOKING Heroism.
 10376 | Lair:2   | Found a gate leading to a gauntlet.
 10378 | Lair:2   | 10378 ||| UPGRADING to +0 pair of gloves.
 10392 | Gauntlet | Entered a Gauntlet
 10392 | Gauntlet | Noticed a fire crab
 10392 | Gauntlet | Found a transporter.
 10401 | Gauntlet | Noticed a shining eye
 10405 | Gauntlet | Found a transporter.
 10416 | Gauntlet | Found a transporter.
 10418 | Gauntlet | Noticed a blizzard demon
 10420 | Gauntlet | Noticed a wretched star
 10421 | Gauntlet | Found a transporter.
 10438 | Gauntlet | Found a transporter.
 10455 | Gauntlet | Found a transporter.
 10467 | Gauntlet | Found a transporter.
 10468 | Gauntlet | Noticed a wretched star
 10479 | Gauntlet | Found a transporter.
 10481 | Gauntlet | Noticed a dire elephant
 10485 | Gauntlet | Found a transporter.
 10485 | Gauntlet | Found a transporter.
 10503 | Gauntlet | Noticed a fire crab
 10504 | Gauntlet | Found a transporter.
 10515 | Gauntlet | Noticed a balrug
 10516 | Gauntlet | Found a transporter.
 10533 | Gauntlet | Found a transporter.
 10550 | Gauntlet | Found a transporter.
 10552 | Gauntlet | Found a transporter.
 10579 | Gauntlet | Found a transporter.
 10601 | Gauntlet | Found a transporter.
 10603 | Gauntlet | Found a transporter.
 10795 | Gauntlet | 10795 ||| Stepping randomly (stuck).
 10801 | Gauntlet | 10801 ||| Stepping randomly (stuck).
 10806 | Gauntlet | 10806 ||| Stepping randomly (cloudy).
 10807 | Gauntlet | 10807 ||| Stepping ~*~*~tactically~*~*~ (cloud).
 10808 | Gauntlet | 10808 ||| INVOKING Heroism.
 10828 | Gauntlet | Killed a fire crab
 10828 | Gauntlet | Reached ***** piety under Okawaru
 10974 | Gauntlet | 10974 ||| Stepping randomly (stuck).
 10979 | Gauntlet | 10979 ||| Stepping randomly (stuck).
 10983 | Gauntlet | 10983 ||| Stepping randomly (stuck).
 11073 | Gauntlet | 11073 ||| DRINKING 8 potions of curing.
 11073 | Gauntlet | 11073 ||| (to cure confusion)
 11076 | Gauntlet | 11076 ||| DRINKING 7 potions of curing.
 11076 | Gauntlet | 11076 ||| (to cure confusion)
 11078 | Gauntlet | 11078 ||| DRINKING 6 potions of curing.
 11078 | Gauntlet | 11078 ||| (to cure confusion)
 11079 | Gauntlet | 11079 ||| DRINKING 5 potions of curing.
 11079 | Gauntlet | 11079 ||| (to cure confusion)
 11082 | Gauntlet | 11082 ||| DRINKING 4 potions of curing.
 11082 | Gauntlet | 11082 ||| (to cure confusion)
 11082 | Gauntlet | Gained mutation: You are dopey. (Int -2) [a shining eye]
 11083 | Gauntlet | Gained mutation: Your magical capacity is low. (-10% MP) [a
                  | shining eye]
 11085 | Gauntlet | Gained mutation: You are clumsy. (Dex -2) [a shining eye]
 11086 | Gauntlet | 11086 ||| DRINKING 3 potions of curing.
 11086 | Gauntlet | 11086 ||| (to cure confusion)
 11087 | Gauntlet | 11087 ||| DRINKING 2 potions of curing.
 11087 | Gauntlet | 11087 ||| (to cure confusion)
 11088 | Gauntlet | Gained mutation: You occasionally lose the ability to drink
                  | potions when taking damage. [a shining eye]
 11089 | Gauntlet | 11089 ||| DRINKING potion of curing.
 11089 | Gauntlet | 11089 ||| (to cure confusion)
 11091 | Gauntlet | Killed a shining eye
 11092 | Gauntlet | Reached skill level 9 in Invocations
 11227 | Gauntlet | Identified the +2 pair of boots of Delightful Miracles {rC-
                  | rCorr Dex+3 SInv Stlth+} (Okawaru gifted it to you in a
                  | Gauntlet)
 11227 | Gauntlet | Received a gift from Okawaru
 11328 | Gauntlet | 11328 ||| DRINKING 2 potions of mutation.
 11328 | Gauntlet | Lost mutation: You occasionally lose the ability to drink
                  | potions when taking damage. [potion of mutation]
 11328 | Gauntlet | Lost mutation: Your magical capacity is low. (-10% MP)
                  | [potion of mutation]
 11328 | Gauntlet | Gained mutation: You are very clumsy. (Dex -4) [potion of
                  | mutation]
 11352 | Gauntlet | 11352 ||| UPGRADING to +2 pair of boots of Delightful
                  | Miracles {rC- rCorr Dex+3 SInv Stlth+}.
 11357 | Gauntlet | 11357 ||| UPGRADING to ring of fire.
 11358 | Gauntlet | 11358 ||| UPGRADING to ring of fire.
 11374 | Gauntlet | 11374 ||| INVOKING Heroism.
 11374 | Gauntlet | Killed from afar by a blizzard demon

Levels and vault maps discovered:
D:1:      saegor_arrival_fortress, layout_basic,
          hellmonk_ecumenical_altar_leap_of_faith, grunt_decor_resistance
D:2:      minmay_diamond_boxcup, layout_basic, guppyfry_early_orc_mine
D:3:      layout_basic, grunt_ministairs_14, uniq_ijyb
D:4:      layout_rooms, trog_butcher_becter, okawaru_altar_gauntlet_db,
          cheibrodos_sewer_entry_bend
D:5:      layout_loops_ring, minmay_temple_entry_enclosed_plants, minivault_19
D:6:      layout_basic, serial_shops, shop, nicolae_shop_bloodbath_and_beyond,
          shop, gammafunk_ghost_hive, nicolae_hexahallways
D:7:      layout_loops_cross, mainiacjoe_overflow_catch_the_wave,
          mainiacjoe_overflow_alcove_2
D:8:      layout_loops_ring, nicolae_ru_path_of_blood,
          due_lair_maze_entry_diamond, enter_bailey_3, nicolae_take_the_stairs,
          nicolae_elemental_shop
D:9:      layout_roguey, kennysheep_orc_monster_closet_entryway,
          dreamdust_princess_corridor
Lair:1:   hellmonk_destroyed_diamonds, layout_misc_corridors,
          serial_bayou_pond_c, wad_woods_road_01, beast_lair_carwin_9,
          uniq_maggie
Lair:2:   layout_hall_layers, spider_nest_entry_rubble, gauntlet_entry_generic,
          kennysheep_abandoned_house
Gauntlet: gammafunk_gauntlet_one_two_three [gammafunk_gauntlet_arena_spirals,
          nicolae_gauntlet_arena_quarters, gammafunk_gauntlet_arena_chambers,
          nicolae_gauntlet_arena_x, gammafunk_gauntlet_arena_arrow_garden,
          gammafunk_gauntlet_arena_grid, gammafunk_gauntlet_arena_mazey,
          gammafunk_gauntlet_arena_split_diamond, nicolae_gauntlet_arena_blocks,
          gauntlet_exit_hidden_loot]

Skill      XL: |  1  2  3  4  5  6  7  8  9 10 11 |
---------------+----------------------------------+-----
Axes           | 2 3 4 5 7 8 9 11 | 11.3
Throwing       | 1 2 3 |  3.1
Fighting       | 4 5 7 8 9 |  9.0
Dodging        | 1 |  1.0
Invocations    | 4 6 9 |  9.2
Armour         | 4 5 6 7 |  7.9
Shields        | 4 5 |  5.0

Action                   |  1- 3 |  4- 6 |  7- 9 | 10-12 || total
-------------------------+-------+-------+-------+-------++-------
Melee: War axe           |   103 |   199 |   329 |   477 ||  1108
Throw: Javelin           |     3 |    43 |    42 |    36 ||   124
       Boomerang         |       |    16 |     3 |     5 ||    24
Invok: Heroism           |       |       |    10 |    18 ||    28
  Use: Scroll            |     1 |    10 |     5 |     4 ||    20
       Potion            |       |     6 |       |    11 ||    17
Armor: Scale mail        |    41 |    78 |    73 |       ||   192
       Plate armour      |       |       |    63 |   224 ||   287
Dodge: Dodged            |    48 |    75 |    75 |   110 ||   308
Block: Buckler           |    15 |    72 |   128 |   206 ||   421
       Reflection        |       |     1 |     5 |     1 ||     7

Table legend:
 A = Non-vault XP
 B = Vault XP
 C = Vault XP percentage of total XP
 D = Non-vault monster count
 E = Vault monster count
 F = Vault count percentage of total count
                 A         B        C        D         E       F
            +---------+---------+-------+---------+---------+-------
      Total |   10442 |    6592 |  38.7 |     185 |      92 |  33.2
            +---------+---------+-------+---------+---------+-------
        D:1 |      54 |       8 |  12.9 |      23 |       3 |  11.5
        D:2 |      27 |      43 |  61.4 |      14 |      12 |  46.2
        D:3 |      57 |      39 |  40.6 |      21 |       3 |  12.5
        D:4 |     562 |      26 |   4.4 |      28 |      11 |  28.2
        D:5 |     285 |       0 |   0.0 |       8 |       0 |   0.0
        D:6 |     731 |       0 |   0.0 |      15 |       0 |   0.0
        D:7 |     862 |    1081 |  55.6 |      16 |       7 |  30.4
        D:8 |     702 |     441 |  38.6 |      18 |       7 |  28.0
        D:9 |    1552 |    1310 |  45.8 |      22 |      18 |  45.0
     Lair:1 |    4870 |    1307 |  21.2 |      17 |       6 |  26.1
     Lair:2 |     740 |       0 |   0.0 |       3 |       0 |   0.0
      Sewer |       0 |      81 | 100.0 |       0 |      18 | 100.0
   Gauntlet |       0 |    2256 | 100.0 |       0 |       7 | 100.0
            +---------+---------+-------+---------+---------+-------
